 Dungeon Crawl Stone Soup version 0.24.0-123-gd5b16e6ec5 (webtiles) character file.

Game seed: 4908602343244717861, levelgen mode: deterministic

1702 Bergy the Basher (level 9, -4/51 HPs)
             Began as a Gargoyle Fighter on Dec 24, 2019.
             Was an Initiate of Makhleb.
             Slain by a brown ugly thing (7 damage)
             ... on level 6 of the Dungeon.
             The game lasted 00:15:02 (6446 turns).

Bergy the Basher (Gargoyle Fighter)                 Turns: 6446, Time: 00:15:03

Health: -4/51      AC: 34    Str: 23    XL:     9   Next: 3%
Magic:  9/9        EV:  7    Int:  9    God:    Makhleb [......]
Gold:   225        SH:  9    Dex:  9    Spells: 8/8 levels left

rFire    + . .     SeeInvis .   D - +2 flail (protect)
rCold    + . .     Gourm    .   c - +0 shield
rNeg     + . .     Faith    .   b - +0 scale mail
rPois    ∞         Spirit   .   h - +2 helmet
rElec    +         Reflect  .   (no cloak)
rCorr    +         Harm     .   (no gloves)
MR       .....     Clarity  +   (no boots)
Stlth    ..........             (no amulet)
HPRegen  0.17/turn              x - +5 ring of protection
MPRegen  0.11/turn              z - +6 ring of protection

@: resistant, protection aura
A: clarity, negative energy resistance 1, electricity resistance, wild magic 1,
unbreathing, petrification resistance, rot immunity, AC +6
a: Renounce Religion


You were on level 6 of the Dungeon.
You worshipped Makhleb.
Makhleb was noncommittal.
You were hungry.

You visited 2 branches of the dungeon, and saw 8 of its levels.

You collected 225 gold pieces.

Inventory:

Hand Weapons
 D - a +2 flail of protection (weapon)
Armour
 b - a +0 scale mail (worn)
 c - a +0 shield (worn)
 h - a +2 helmet (worn)
Jewellery
 x - a +5 ring of protection (left hand)
 z - a +6 ring of protection (right hand)
Wands
 y - a wand of paralysis (6)
Scrolls
 d - a scroll of random uselessness {unknown}
 g - a scroll of amnesia {unknown}
 j - 4 scrolls of remove curse
 o - a scroll of enchant armour {unknown}
 p - a scroll of enchant weapon {unknown}
 q - a scroll of blinking {unknown}
 r - 2 scrolls of magic mapping
 v - a scroll of fog {unknown}
 B - a scroll of identify
Potions
 e - 2 potions of flight
 i - a potion of magic
 l - a potion of resistance
 m - a potion of heal wounds {unknown}
 n - a potion of cancellation {unknown}
 s - 2 potions of degeneration {unknown}
 t - a potion of might
 u - 2 potions of curing {unknown}
 A - 2 potions of haste {unknown}
Comestibles
 f - 8 rations


   Skills:
 - Level 3.2 Fighting
 * Level 11.2 Maces & Flails
 - Level 3.2 Armour
 - Level 3.2 Shields


You had 8 spell levels left.
You didn't know any spells.
Your spell library contained the following spells:

 Spells                   Type           Power        Failure   Level  Hunger
 Magic Dart               Conj           #...         99%         1    ##.....


Dungeon Overview and Level Annotations

Branches:
Dungeon (7/15)             Temple (1/1) D:6

Altars:
Ashenzari
Dithmenos
Elyvilon
Fedhas
Hepliaklqana
Kikubaaqudgha
Makhleb
Nemelex Xobeh
Qazlal
Ru
Sif Muna
Trog
Uskayaw
Vehumet
Xom
Yredelemnul
Zin
The Shining One
Lugonu


Innate Abilities, Weirdness & Mutations

You are resistant to torment.
Your stone body is resilient. (AC +6)
You are immune to poison.
You resist negative energy. (rN+)
You are resistant to electric shocks. (rElec)
You can survive without breathing.
You are immune to petrification.
You are immune to rotting.
You possess an exceptional clarity of mind.
Your spells are a little harder to cast, but a little more powerful.


Message History

You hit the brown ugly thing but do no damage.
The brown ugly thing is heavily wounded.
You block the brown ugly thing's attack.
It was a potion of resistance.
You feel protected.
The brown ugly thing stings you but does no damage.
You sock the brown ugly thing!
The brown ugly thing is severely wounded.
The brown ugly thing barely misses you.
You hit the brown ugly thing.
The brown ugly thing is severely wounded.
You are no longer corroded.
You block the brown ugly thing's attack.
It was a potion of mutation.
You feel extremely strange.
Your thoughts seem clearer.
You feel less in control of your magic. The brown ugly thing barely misses you.
You barely miss the brown ugly thing.
The brown ugly thing is severely wounded.
The brown ugly thing stings you!
You die...

#.# #.# #.# #.# ###### #### #.#
#.# #....# #... #.# #.# #....#
#... #.# #.# ########....###...
#.# #.####................. #.#
#..........#...........
##.#############..##.#.##...##.##
#...............@u......'.......)
###############.†....#.##...##'##
#########......#.##>..#....
#..............#......'....
####..............#..#####....
#.................#..#......#.
#.##........##.##.#..#.######.
#.##.........#.##.#..#.##.....
#.######.###.#.##.#..#.##.####


You could see a brown ugly thing.

Vanquished Creatures
  Grinder (D:3)
  A water moccasin (D:5)
  Duvessa (D:6)
  An ogre (D:6)
  A sky beast (D:5)
  A phantom (D:4)
  2 centaurs (D:6)
  Dowan (D:6)
  3 killer bees (D:6)
  A scorpion (D:5)
  A howler monkey (D:4)
  4 crimson imps
  A quasit (D:6)
  A jelly (D:5)
  2 hounds
  A bullfrog skeleton (D:4)
  A centaur skeleton (D:6)
  3 iguanas
  3 worker ants
  5 adders
  A shadow imp (D:6)
  3 worms
  2 dart slugs
  6 leopard geckos
  10 orcs
  8 bats
  2 giant cockroaches (D:3)
  6 goblins
  6 hobgoblins
  11 jackals
  8 kobolds
  6 quokkas
  2 ball pythons
  8 frilled lizards
  A giant cockroach zombie (D:5)
  10 rats
125 creatures vanquished.

Vanquished Creatures (others)
  A plant (D:1)
1 creature vanquished.

Grand Total: 126 creatures vanquished

Notes
Turn   | Place    | Note
-------+----------+-------------------------------------------
     0 | D:1      | Bergy the Gargoyle Fighter began the quest for the Orb.
     0 | D:1      | Reached XP level 1. HP: 14/14 MP: 1/1
   111 | D:1      | Reached XP level 2. HP: 19/19 MP: 2/2
   211 | D:1      | Reached skill level 3 in Maces & Flails
   551 | D:1      | Reached XP level 3. HP: 23/23 MP: 3/3
  1123 | D:2      | Reached skill level 4 in Maces & Flails
  1127 | D:2      | Reached XP level 4. HP: 20/28 MP: 4/4
  1297 | D:2      | Found a sparkling altar of Nemelex Xobeh.
  1923 | D:3      | Found a blossoming altar of Fedhas.
  2160 | D:3      | Found a radiant altar of Vehumet.
  2160 | D:3      | Found an ancient bone altar of Kikubaaqudgha.
  2161 | D:3      | Found a shimmering blue altar of Sif Muna.
  2169 | D:3      | Identified Vehumet's Compendium of Conjuration
  2561 | D:3      | Reached skill level 5 in Maces & Flails
  2561 | D:3      | Reached XP level 5. HP: 23/32 MP: 5/5
  2646 | D:3      | Noticed Grinder
  2656 | D:3      | Paralysed by Grinder for 6 turns
  2667 | D:3      | Killed Grinder
  2667 | D:3      | Reached skill level 6 in Maces & Flails
  2667 | D:3      | Reached XP level 6. HP: 21/37 MP: 6/6
  3000 | D:4      | Found a hazy altar of Hepliaklqana.
  3327 | D:4      | Noticed a phantom
  3363 | D:4      | Killed a phantom
  3363 | D:4      | Reached skill level 7 in Maces & Flails
  3554 | D:4      | Reached XP level 7. HP: 27/41 MP: 7/7
  3917 | D:4      | Found a shimmering blue altar of Sif Muna.
  4042 | D:5      | Entered Level 5 of the Dungeon
  4072 | D:5      | Found a sacrificial altar of Ru.
  4243 | D:5      | Got a transparent spear
  4244 | D:5      | Identified the +1 spear of Umust {flame, Str+4 Dex+3} (You
                  | found it on level 5 of the Dungeon)
  4255 | D:5      | Found a basalt altar of Yredelemnul.
  4307 | D:5      | Reached skill level 8 in Maces & Flails
  4508 | D:5      | Reached skill level 9 in Maces & Flails
  4508 | D:5      | Reached XP level 8. HP: 31/46 MP: 8/8
  4867 | D:5      | Found a glowing silver altar of Zin.
  4875 | D:5      | Found a shattered altar of Ashenzari.
  5316 | D:6      | Found a shimmering altar of Xom.
  5317 | D:6      | Found a staircase to the Ecumenical Temple.
  5364 | Temple   | Entered the Ecumenical Temple
  5402 | Temple   | Became a worshipper of Makhleb the Destroyer
  5457 | D:6      | Reached skill level 10 in Maces & Flails
  5703 | D:6      | Found a burning altar of Makhleb.
  5703 | D:6      | Noticed a balrug
  5973 | D:6      | Noticed Duvessa
  5973 | D:6      | Noticed Dowan
  5992 | D:6      | Killed Duvessa
  6037 | D:6      | Killed Dowan
  6037 | D:6      | Reached skill level 11 in Maces & Flails
  6369 | D:6      | Reached XP level 9. HP: 51/51 MP: 9/9
  6416 | D:7      | Noticed a brown ugly thing
  6440 | D:6      | HP: 2/51 [acid (9)]
  6445 | D:6      | Gained mutation: You possess an exceptional clarity of
                  | mind. [potion of mutation]
  6445 | D:6      | Gained mutation: Your spells are a little harder to cast,
                  | but a little more powerful. [potion of mutation]
  6446 | D:6      | Slain by a brown ugly thing

Levels and vault maps discovered:
D:1:      dpeg_arrival_ternary, layout_loops_ring, serial_forest,
          infiniplex_forest_lined_2, infiniplex_forest_straight_2,
          infiniplex_forest_end_2, infiniplex_forest_end_3,
          infiniplex_forest_straight_5, infiniplex_forest_end_3,
          infiniplex_forest_straight_1, infiniplex_forest_diagonal
D:2:      layout_loops_ring, marbit_many_paths
D:3:      layout_loops_cross, grunt_temple_overflow_magic_moments,
          fedhas_altar_2, uniq_grinder
D:4:      layout_loops_corners, old_standard_altar, lemuel_blue_sif_altar
D:5:      layout_rooms, kennysheep_mini_moat, amethyst_overflow_temple_binary,
          old_standard_altar, first_ration
D:6:      layout_basic, xom_butterflies, temple_fountains,
          makhleb_altar_promises_db, uniq_duvessa
D:7:      layout_rooms
Temple:   corrupted_temple

Skill      XL: |  1  2  3  4  5  6  7  8 |
---------------+-------------------------+-----
Maces & Flails | 3 4 5 6 7 9 11 | 11.2
Fighting       | |  3.2
Armour         | |  3.2
Shields        | |  3.2

Action                   |  1- 3 |  4- 6 |  7- 9 || total
-------------------------+-------+-------+-------++-------
Melee: Flail             |   140 |   193 |   366 ||   699
  Use: Potion            |       |     2 |     2 ||     4
       Scroll            |       |       |     5 ||     5
  Eat: Chunk             |     1 |     6 |     4 ||    11
       Ration            |       |     1 |     1 ||     2
Armor: Scale mail        |   113 |    89 |   211 ||   413
Dodge: Dodged            |    60 |    53 |   107 ||   220
Block: Shield            |    88 |   100 |   139 ||   327
